 Dungeon Crawl Stone Soup version 0.27.1-1-g398f81649c (webtiles) character file.

Game seed: 17844452781504624701

2856 H0rd4k the Martial Artist (level 9, -2/54 HPs)
             Began as an Octopode Transmuter on Sept 13, 2021.
             Was an Initiate of Gozag.
             Slain by Maggie (4 damage)
             ... on level 7 of the Dungeon.
             The game lasted 00:10:52 (8842 turns).

H0rd4k the Martial Artist (Octopode Transmuter)     Turns: 8842, Time: 00:10:52

Health: -2/54      AC:  2    Str:  9    XL:     9   Next: 75%
Magic:  24/26      EV: 21    Int: 24    God:    Gozag
Gold:   917        SH:  0    Dex: 18    Spells: 14/18 levels left

rFire    x . .     SeeInvis .     - Unarmed
rCold    + . .     Faith    .   (shield currently unavailable)
rNeg     . . .     Spirit   .   (helmet currently unavailable)
rPois    x         Reflect  .   (no amulet)
rElec    .         Harm     .   d - ring of magical power
rCorr    .         Rampage  .   n - ring of ice
Will     .....                  z - +6 ring of intelligence
Stlth    ++........             (no ring)
HPRegen  0.18/turn              (no ring)
MPRegen  0.20/turn              (no ring)
                                (no ring)
                                (no ring)

@: spider-form
A: venomous fangs, almost no armour, (amphibious), 8 rings, tiny, (camouflage
1), (gelatinous body 1), (nimble swimmer 1), (tentacles)
a: End Transformation, Renounce Religion, Potion Petition, Call Merchant, Bribe
Branch


You were on level 7 of the Dungeon.
You worshipped Gozag.
Gozag was pleased with you.
You were a venomous arachnid creature.
You visited 1 branch of the dungeon, and saw 7 of its levels.
You also visited: Ossuary.

You collected 995 gold pieces.
You spent 39 gold pieces at shops.
You paid 39 gold pieces to Gozag.

Inventory:

Magical Staves
 l - a staff of fire
Jewellery
 d - a ring of magical power (left front leg)
 n - a ring of ice (right front leg)
 z - a +6 ring of intelligence (on tentacle)
Wands
 j - a wand of polymorph (23)
 y - a wand of flame (11)
Scrolls
 a - 2 scrolls of amnesia {unknown}
 b - 2 scrolls of enchant armour {unknown}
 f - a scroll of summoning {unknown}
 i - a scroll of acquirement {unknown}
 o - 2 scrolls of enchant weapon {unknown}
 p - 3 scrolls of immolation {unknown}
 s - a scroll of fog {unknown}
 t - 4 scrolls of identify {unknown}
 v - a scroll of magic mapping {unknown}
 w - 4 scrolls of teleportation
 x - 3 scrolls of fear {unknown}
 A - a scroll of blinking {unknown}
Potions
 c - a potion of attraction {unknown}
 e - 3 potions of heal wounds
 g - 2 potions of lignification
 h - 2 potions of degeneration {unknown}
 k - 2 potions of cancellation {unknown}
 m - 7 potions of curing {unknown}
 q - 2 potions of might {unknown}
 r - a potion of berserk rage {unknown}
 u - 2 potions of haste {unknown}
 B - 2 potions of resistance {unknown}


   Skills:
 + Level 2.2 Fighting
 + Level 4.1 Dodging
 + Level 9.3 Unarmed Combat
 * Level 5.3 Spellcasting
 * Level 6.0 Transmutations
 + Level 4.2 Poison Magic


You had 14 spell levels left.
You knew the following spells:

 Your Spells              Type           Power      Damage    Failure   Level
a - Beastly Appendage     Tmut           70%        N/A       4%          1
b - Spider Form           Tmut/Pois      15%        N/A       11%         3

Your spell library contained the following spells:

 Spells                   Type           Power      Damage    Failure   Level
 Wereblood                Tmut           35%        N/A       5%          2
 Corona                   Hex            6%         N/A       22%         1
 Ensorcelled Hibernation  Hex/Ice        18%        N/A       30%         2
 Ice Form                 Ice/Tmut       31%        N/A       45%         4
 Tukima's Dance           Hex            6%         N/A       47%         3
 Shadow Creatures         Summ           N/A        N/A       100%        6


Dungeon Overview and Level Annotations

Branches:
Dungeon (7/15)             Temple (0/1) D:4         Ossuary (visited)

Altars:
Ashenzari
Gozag
Hepliaklqana
Kikubaaqudgha
Nemelex Xobeh
Sif Muna
Vehumet

Shops:
D:5 *

Annotations:
D:3 1 exclusion
D:4 exclusion: oklob sapling
D:7 Maggie


Innate Abilities, Weirdness & Mutations

You are a venomous arachnid creature.
You have poisonous fangs.
You are tiny and dextrous.
Your spellcasting is less reliable in this form.
Your armour is entirely melded.
You are incapable of wielding weapons or throwing items.
You cannot wear most types of armour.
((You are amphibious.))
You can wear up to eight rings at the same time.
((Your skin changes colour to match your surroundings (Stealth+).))
((Your rubbery body absorbs attacks. (AC +1, EV +1)))
((You are camouflaged near water. (Stealth+)))
((You have tentacles for arms and can constrict up to eight enemies at once.))


Message History

The centaur zombie completely misses you.
The centaur zombie kicks you but does no damage.
You bite the centaur zombie!
You destroy the centaur zombie!
Your Transmutations skill increases to level 6!
Your transformation is almost over.
You now have 917 gold pieces (gained 7).
Your transformation has ended.
You see here 13 stones.
There is a stone staircase leading down here.
There is an open door here.
You see here a +0 helmet.
You see here 26 stones.
You open the door.
Maggie the Vainglorious comes into view.
She is wielding a +0 halberd of flaming.
Maggie is nearby!
Maggie is nearby!
Casting: Spider Form (dangerous; 3% risk of failure)
Confirm with . or Enter, or press ? or * to list all spells.
You turn into a venomous arachnid creature.
Maggie misses you.
There is an open door here.
Maggie hits you with a +0 halberd of flaming!
Maggie burns you.
You hit Maggie.
Maggie is lightly wounded.
Maggie hits you with a +0 halberd of flaming!
Maggie burns you.
You barely miss Maggie.
Maggie is lightly wounded.
Maggie points at you and mumbles some strange words.
The bolt of fire hits you!! The fire burns you terribly!
* * * LOW HITPOINT WARNING * * *
You bite Maggie!
Maggie is poisoned.
Maggie is moderately wounded.
You hit Maggie.
Maggie looks as sick as possible!
Maggie is moderately wounded.
Maggie hits you with a +0 halberd of flaming.
You die...
Your body crumbles into a pile of gold.

#.##.##...##...####.###...
#.##.########.## #.......
#....# #.# #####..# ####.#
#.# #..# #.#####.# #+##
#... #.......# #...## ##.#
#######.# #.....# ##).
##..# ##@...... ##.##
#########...####s.......
####...#
...(...........'........
+.......
#########...####........
####...# ## ##..#
##....... ##.## .# ##.##
#.....# #... .# #..#
#...## #.## .# ##.#
####+### #.# .# #.#
#.......## #.# .# #.# #.
......# #.#


You could see Maggie (extremely poisoned).

Vanquished Creatures
  Sigmund (D:6)
  A wraith (Ossuary)
  A black bear (D:4)
  5 ice beasts
  A sky beast (D:6)
  3 necrophages
  2 ogres (D:6)
  Blork the orc (D:6)
  2 bullfrogs
  An elf skeleton (D:4)
  2 scorpions (D:6)
  A water moccasin zombie (D:6)
  3 water moccasin skeletons
  3 wights (D:7)
  3 centaur zombies
  An orc priest (D:4)
  7 hounds
  3 jellies
  A centaur skeleton (D:6)
  2 iguanas
  2 orc wizards
  2 human skeletons (D:4)
  A killer bee zombie (D:6)
  A mummy (Ossuary)
  5 adders
  A shadow imp (D:5)
  A white imp (D:7)
  2 ufetubi
  An adder skeleton (D:5)
  A worm (D:2)
  5 dart slugs
  9 orcs
  9 endoplasms
  5 giant cockroaches
  11 goblins
  4 hobgoblins
  7 jackals (D:1)
  5 kobolds
  4 quokkas
  8 ball pythons
  4 bats
  A frilled lizard (D:1)
  6 gnoll skeletons (Ossuary)
  3 kobold skeletons (Ossuary)
  16 orc skeletons (Ossuary)
  3 orc zombies (D:4)
  8 rats
169 creatures vanquished.

Vanquished Creatures (others)
  11 plants (D:4)
11 creatures vanquished.

Grand Total: 180 creatures vanquished

Notes
Turn   | Place    | Note
-------+----------+-------------------------------------------
     0 | D:1      | H0rd4k the Octopode Transmuter began the quest for the Orb.
     0 | D:1      | Reached XP level 1. HP: 13/13 MP: 3/3
   311 | D:1      | Reached XP level 2. HP: 11/18 MP: 5/5
   669 | D:1      | Found a faded altar of an unknown god.
   714 | D:1      | Reached XP level 3. HP: 21/23 MP: 6/6
   753 | D:1      | Learned a level 3 spell: Spider Form
  1446 | D:2      | Reached skill level 4 in Unarmed Combat
  1503 | D:2      | Found an ancient bone altar of Kikubaaqudgha.
  1535 | D:2      | Reached XP level 4. HP: 28/28 MP: 7/7
  2460 | D:3      | Found a sparkling altar of Nemelex Xobeh.
  2563 | D:3      | Found an opulent altar of Gozag.
  2590 | D:3      | Became a worshipper of Gozag Ym Sagoz the Greedy
  2827 | D:4      | Reached XP level 5. HP: 25/33 MP: 9/9
  2885 | D:4      | Reached skill level 5 in Unarmed Combat
  2885 | D:4      | Reached skill level 1 in Poison Magic
  3075 | D:4      | Reached XP level 6. HP: 23/38 MP: 10/10
  3227 | D:4      | Found a sand-covered staircase.
  3242 | Ossuary  | Entered an ossuary
  3242 | Ossuary  | Noticed a wraith
  3242 | Ossuary  | Noticed a wraith
  3242 | Ossuary  | Noticed a wraith
  3411 | Ossuary  | Noticed a wraith
  3430 | Ossuary  | Killed a wraith
  3815 | D:4      | Found a staircase to the Ecumenical Temple.
  3815 | D:4      | Noticed a black bear
  3829 | D:4      | Killed a black bear
  3830 | D:4      | Reached skill level 6 in Unarmed Combat
  3830 | D:4      | Reached XP level 7. HP: 35/43 MP: 12/12
  4197 | D:4      | Found a hazy altar of Hepliaklqana.
  4557 | D:5      | Entered Level 5 of the Dungeon
  4672 | D:5      | Found a broken altar of Ashenzari.
  5062 | D:5      | Reached XP level 8. HP: 43/48 MP: 13/13
  5293 | D:5      | Found Favurrud's General Store.
  5301 | D:5      | Bought a scroll of teleportation for 39 gold pieces
  5423 | D:5      | Reached skill level 7 in Unarmed Combat
  5815 | D:6      | Noticed Blork the orc
  5844 | D:6      | Killed Blork the orc
  5976 | D:6      | Reached skill level 5 in Transmutations
  6155 | D:6      | Reached skill level 8 in Unarmed Combat
  6178 | D:6      | Noticed Sigmund
  6192 | D:6      | Killed Sigmund
  6193 | D:6      | Reached XP level 9. HP: 20/54 MP: 16/16
  7265 | D:6      | Reached skill level 5 in Spellcasting
  8020 | D:7      | Found a shimmering blue altar of Sif Muna.
  8085 | D:7      | Reached skill level 9 in Unarmed Combat
  8522 | D:7      | Found a radiant altar of Vehumet.
  8835 | D:7      | Noticed Maggie
  8840 | D:7      | HP: 1/54 [Maggie/bolt of fire (21)]
  8842 | D:7      | Slain by Maggie

Illustrated notes

Levels and vault maps discovered:
D:1:      dpeg_arrival_ternary, layout_loops_ring,
          shapermc_ecumenical_altar_ellora
D:2:      layout_loops_ring, basic_altar
D:3:      layout_rooms, nicolae_gozag_seed_capital,
          mainiacjoe_overflow_chevrons, due_unseen_surprise
D:4:      layout_rooms, mainiacjoe_overflow_alcove_4, minmay_temple_entry_oklob,
          nicolae_ossuary_entry_catacombs
D:5:      layout_rooms, mainiacjoe_overflow_alcove_1, serial_shops, shop_statue
D:6:      layout_basic, uniq_blork_the_orc, uniq_sigmund
D:7:      layout_loops_corners, nicolae_sif_muna_condensation,
          nicolae_vehumet_radiance, hex_tiny, uniq_maggie

Skill      XL: |  1  2  3  4  5  6  7  8  9 |
---------------+----------------------------+-----
Unarmed Combat | 4 5 6 8 9 |  9.3
Transmutations | 3 4 5 6 |  6.0
Poison Magic   | 1 2 3 4 |  4.2
Spellcasting   | 3 4 5 |  5.3
Dodging        | 3 4 |  4.1
Fighting       | 2 |  2.2

Action                   |  1- 3 |  4- 6 |  7- 9 || total
-------------------------+-------+-------+-------++-------
Melee: Unarmed           |    84 |   184 |   303 ||   571
       Tentacles         |    17 |    22 |    16 ||    55
       Constrict         |    17 |    40 |    11 ||    68
       Punch             |     4 |     3 |     6 ||    13
       Kick              |       |     2 |       ||     2
 Cast: Spider Form       |     1 |     4 |    34 ||    39
       Beastly Appendage |       |     1 |       ||     1
Evoke: Wand              |       |     1 |       ||     1
  Use: Potion            |       |     2 |       ||     2
 Stab: Sleeping          |     9 |     4 |     5 ||    18
       Distracted        |       |     1 |       ||     1
Armor: Skin              |     6 |    21 |    15 ||    42
Dodge: Dodged            |    47 |    77 |   228 ||   352
